 Dungeon Crawl Stone Soup version 0.31-a0-543-geaa9c7a2c0 (webtiles) character file.

Game seed: 8937485180983372871

62275 JackS81 the Black Belt (level 15, -3/113 HPs)
             Began as a Meteoran Shapeshifter on Aug 15, 2023.
             Was a High Priest of Hepliaklqana.
             Slain by a goliath frog (18 damage)
             ... on level 1 of the Swamp.
             The game lasted 01:08:59 (9011 turns).

JackS81 the Black Belt (Meteoran Shapeshifter)      Turns: 9011, Time: 01:09:00

Health: -3/113     AC: -8    Str: 19    XL:     15   Next: 92%
Magic:  21/21      EV: 25    Int: 11    God:    Hepliaklqana [*****.]
Gold:   958        SH:  0    Dex: 20    Spells: 11/14 levels left

rFire   . .          .
                       - Unarmed
rCold   . . .        (shield currently unavailable)
rNeg    . . .        y - melded +0 scale mail
rPois   .            (helmet currently unavailable)
rElec   .            (cloak currently unavailable)
rCorr   .            (gloves currently unavailable)
SInv    .            (boots currently unavailable)
Will    +....        S - amulet of regeneration
Stlth   +            O - melded ring of poison resistance
HPRegen 1.18/turn    A - melded +5 ring of evasion
MPRegen 0.17/turn

%: no passive effects
@: pig-form, corroded, glowing, invisible (but backlit and visible), very quick
A: fast, no casting, reduced essence, small, sense surroundings 2, otherworldly,
glowing, explore regen, mutation resistance 1
a: Renounce Religion, Recall Ancestor, Ancestor Identity, Transference, Idealise


You were on level 1 of the Swamp.
You worshipped Hepliaklqana.
Hepliaklqana was extremely pleased with you.
You were a filthy swine.
You visited 4 branches of the dungeon, and saw 17 of its levels.
You also visited: Ossuary.

You collected 1140 gold pieces.
You spent 182 gold pieces at shops.

Inventory:

Hand Weapons
 Z - the +0 spear "Agig" {drain, rElec Str+5}
   (You found it on level 10 of the Dungeon)

   Str+5:     It affects your strength (+5).
   rElec:     It insulates you from electricity.
Missiles
 i - 4 curare-tipped darts (quivered)
 u - 34 poisoned darts
 G - 2 throwing nets
 P - 3 atropa-tipped darts
 V - 7 silver javelins
Armour
 a - a scarf of harm
 v - a +2 hat
 y - a +0 scale mail (melded)
 E - a +0 chain mail of poison resistance
 R - a +0 pair of gloves
 X - a +2 robe of cold resistance
Jewellery
 h - a ring of flight
 w - a ring of magical power
 A - a +5 ring of evasion (melded)
 O - a ring of poison resistance (melded)
 S - an amulet of regeneration (around neck)
 W - a ring of ice
Talismans
 c - a beast talisman
 d - a flux talisman
 p - a serpent talisman
 q - a blade talisman
Wands
 C - a wand of acid (17)
 I - a wand of polymorph (24)
 L - a wand of roots (42)
 M - a wand of paralysis (17)
 T - a wand of digging (9)
 U - a wand of mindburst (9)
Scrolls
 f - a scroll of blinking
 g - 2 scrolls of poison
 j - 12 scrolls of teleportation
 k - a scroll of silence {unknown}
 n - 2 scrolls of revelation {unknown}
 o - a scroll of amnesia {unknown}
 r - 2 scrolls of fear
 x - 2 scrolls of enchant armour
 B - a scroll of identify
 D - 2 scrolls of brand weapon {unknown}
 J - 2 scrolls of butterflies {unknown}
 K - 3 scrolls of noise {unknown}
 N - 2 scrolls of enchant weapon {unknown}
Potions
 b - 4 potions of lignification
 e - 6 potions of mutation
 l - 4 potions of brilliance
 m - 2 potions of haste
 s - 2 potions of cancellation
 t - 3 potions of curing
 z - 4 potions of enlightenment
 F - a potion of berserk rage
 Q - 2 potions of attraction


   Skills:
 * Level 9.8 Fighting
 - Level 0.6 Throwing
 * Level 7.3 Armour
 * Level 13.3 Dodging
 + Level 15.2 Unarmed Combat
 + Level 7.0 Invocations
 * Level 8.0 Evocations
 * Level 14.6 Shapeshifting


You had 11 spell levels left.
You knew the following spells:

 Your Spells              Type           Power      Damage    Failure   Level
a - Vampiric Draining     Necr           0%         2d6       71%         3

Your spell library contained the following spells:

 Spells                   Type           Power      Damage    Failure   Level
 Slow                     Hex            0%         N/A       34%         1
 Sting                    Tmut/Pois      0%         1d3       34%         1
 Lesser Beckoning         Tloc           0%         N/A       47%         2
 Poisonous Vapours        Pois/Air       0%         N/A       47%         2
 Confusing Touch          Hex            0%         N/A       71%         3
 Frozen Ramparts          Ice            0%         1d1       71%         3
 Gell's Gravitas          Tloc           0%         N/A       71%         3
 Mephitic Cloud           Conj/Pois/Air  0%         N/A       71%         3
 Teleport Other           Tloc           0%         N/A       71%         3
 Olgreb's Toxic Radiance  Pois           0%         N/A       98%         4
 Petrify                  Tmut/Erth      0%         N/A       98%         4
 Freezing Cloud           Conj/Ice/Air   0%         6-21      100%        5
 Metabolic Englaciation   Hex/Ice        0%         N/A       100%        5


Dungeon Overview and Level Annotations

Branches:
Dungeon (10/15) Zot: 441   Temple (1/1) D:4 Zot: 549    Lair (5/5) D:10 Zot: 116
  Swamp (1/4) Lair:2 Zot: 561  Spider (0/4) Lair:2        Slime (0/5) Lair:4
Ossuary (visited)
    Orc: D:9-12

Altars:
Ashenzari
Cheibriados
Dithmenos
Elyvilon
Fedhas
Gozag
Hepliaklqana
Kikubaaqudgha
Makhleb
Nemelex Xobeh
Okawaru
Qazlal
Sif Muna
Trog
Uskayaw
Vehumet
Wu Jian
Xom
Yredelemnul
Zin
The Shining One
Jiyva

Shops:
D:10 !

Annotations:
Lair:1 3 runed translucent doors, AdnanSaban's ghost, journeyman GrFi
Swamp:1 Kirke


Innate Abilities, Weirdness & Mutations

You are a filthy swine.
You move quickly.
Your equipment is almost entirely melded.
You are incapable of wielding weapons or throwing items.
You cannot cast spells.
Your life essence is reduced to manifest your ancestor. (-10% HP)
You passively map the area around you.
You are easily found by Zot.
You glow in the dark.
You regain HP and MP as you explore.
You are somewhat resistant to further mutation.


Message History

The goliath frog hits you!
You are splashed with acid!
You body-slam the goliath frog!!
You kill the goliath frog!
You closely miss the goliath frog. Your grab misses the goliath frog.
The goliath frog is moderately wounded.
The goliath frog misses you.
You hit the goliath frog but do no damage.
Your grab misses the goliath frog.
The goliath frog is lightly wounded.
You hit the goliath frog but do no damage.
Your grab misses the goliath frog.
The goliath frog is lightly wounded.
The goliath frog hits you!!
* * * LOW HITPOINT WARNING * * *
The acid corrodes you!
You are splashed with acid!
* * * LOW HITPOINT WARNING * * *
Something closely misses the goliath frog.
You become transparent, but the glow from your body prevents you from becoming completely invisible.
The goliath frog closely misses you. Kirke hits you!
* * * LOW HITPOINT WARNING * * *
The goliath frog completely misses you.
You hit Kirke. You grab Kirke.
Kirke is lightly wounded.
You constrict Kirke. You crush Kirke!!!
Kirke is moderately wounded.
You constrict Kirke.
The goliath frog hits you but does no damage.
Kirke casts a spell at you.
Your transformation has ended.
Your +0 scale mail unmelds from your body.
You turn into a filthy swine.
Your +0 scale mail melds into your body.
Your ring of poison resistance melds into your body.
Your +5 ring of evasion melds into your body.
You lose your grip on Kirke.
You hit Kirke.
Kirke is moderately wounded.
The goliath frog hits you!!
You die...

* , * *
~~♣.~§$~. ..
~....~.~#. *
$~....§.#,
,....~~. ~
..~♣.# ~...
....# *
..~.~♣♣...## *
♣§....@h...# ,,
*♣~~♣k###F###
.~. ##.#### *
..~♣♣F....# , *
..~~..F♣...#....
~..@hw~♣~..# .~
~, **
~...th~~~~.# ,
~.........~# *
..khR......# **


You could see Kirke, a lindwurm (summoned) and a goliath frog.

Vanquished Creatures
  Fannar (D:10)
  6 hydras
  5 death yaks
  A boulder beetle (D:9)
  Urug (D:10)
  2 skysharks (Lair:4)
  2 goliath frogs
  Lodul (D:10)
  A wolf spider (Lair:2)
  19 elephants
  Maurice (D:10)
  3 black mambas
  20 cane toads
  A kobold demonologist (D:10)
  8 komodo dragons
  Maggie (Lair:1)
  3 rime drakes
  A troll (D:9)
  2 polar bears
  A hornet (D:10)
  Prince Ribbit (D:5)
  16 blink frogs
  7 dream sheep (Lair:5)
  A slime creature (D:10)
  Sigmund (D:6)
  2 jumping spiders (Lair:2)
  2 shadows
  39 yaks
  A wraith (Ossuary)
  4 basilisks
  5 wyverns
  2 hogs (Swamp:1)
  A redback (Lair:2)
  A steam dragon (D:8)
  4 vampire mosquitoes (Lair:5)
  14 water moccasins
  5 ice beasts
  4 orc warriors
  3 black bears
  3 wolves (Lair:3)
  9 ogres
  A centaur (D:5)
  5 kobold brigands
  9 bullfrogs
  7 scorpions
  3 wights (Ossuary)
  12 killer bees
  2 electric eels (Lair:5)
  2 howler monkeys
  3 jellies
  3 orc priests
  A gnoll bouda (D:6)
  6 hounds
  8 orc wizards
  Ijyb (D:5)
  3 sleepcaps
  6 iguanas
  7 gnolls (D:6)
  9 adders
  A shadow imp (D:8)
  2 white imps
  2 ufetubi (D:4)
  A worm (D:2)
  2 dart slugs
  26 orcs
  7 bats
  7 endoplasms
  A giant cockroach (D:4)
  9 goblins
  6 hobgoblins
  3 jackals
  4 quokkas
  4 ball pythons
  2 ball python skeletons (Ossuary)
  A frilled lizard (D:1)
  2 hobgoblin skeletons (Ossuary)
  A hobgoblin zombie (Ossuary)
  28 kobolds
  2 kobold zombies (Ossuary)
  9 rats
413 creatures vanquished.

Vanquished Creatures (collateral kills)
  An eleionoma (Lair:2)
  3 hydras
  4 death yaks
  A skyshark (Lair:5)
  An orc knight (D:10)
  5 cane toads
  A black mamba (Lair:5)
  A rime drake (Lair:3)
  3 komodo dragons
  A tyrant leech (Lair:5)
  A polar bear (Lair:5)
  9 blink frogs
  5 dream sheep (Lair:5)
  3 wraiths
  4 yaks
  A basilisk (Lair:1)
  6 bullfrogs
  2 killer bees
  2 howler monkeys (D:8)
  An orc priest (D:8)
  An orc wizard (D:8)
  4 orcs
  2 kobolds (D:10)
  A ball python skeleton (Ossuary)
  A kobold zombie (Ossuary)
  2 butterflies (Lair:2)
66 creatures vanquished.

Vanquished Creatures (others)
  6 hexers
  An ancestor (D:7)
  2 foxfires (Swamp:1)
9 creatures vanquished.

Grand Total: 488 creatures vanquished

Notes
Turn   | Place    | Note
-------+----------+-------------------------------------------
     0 | D:1      | JackS81 the Meteoran Shapeshifter began the quest for the
                  | Orb.
     0 | D:1      | Reached XP level 1. HP: 16/16 MP: 2/2
    59 | D:1      | Reached XP level 2. HP: 23/23 MP: 3/3
   265 | D:1      | Reached XP level 3. HP: 28/28 MP: 4/4
   465 | D:2      | Reached skill level 4 in Unarmed Combat
   639 | D:2      | Reached XP level 4. HP: 35/35 MP: 5/5
   697 | D:2      | Identified the +1 leather armour of the Ladybird {Int+3}
   858 | D:2      | Noticed a black bear
   862 | D:2      | Killed a black bear
   863 | D:2      | Reached skill level 5 in Unarmed Combat
   863 | D:2      | Reached skill level 5 in Shapeshifting
   863 | D:2      | Reached XP level 5. HP: 40/40 MP: 6/6
   986 | D:2      | Reached XP level 6. HP: 47/47 MP: 7/7
  1711 | D:3      | Glimpsed the power of Zot.
  1761 | D:3      | Glimpsed the power of Zot.
  1873 | D:4      | Found a staircase to the Ecumenical Temple.
  1957 | D:4      | Reached skill level 6 in Unarmed Combat
  1963 | D:4      | Reached XP level 7. HP: 23/53 MP: 8/8
  1977 | D:4      | Gained mutation: You are somewhat resistant to further
                  | mutation. [potion of mutation]
  1995 | D:4      | Reached skill level 7 in Unarmed Combat
  2110 | D:4      | Reached XP level 8. HP: 51/61 MP: 9/9
  2315 | D:4      | Glimpsed the power of Zot.
  2319 | D:5      | Entered Level 5 of the Dungeon
  2319 | D:5      | Found a basalt altar of Yredelemnul.
  2320 | D:5      | Noticed Prince Ribbit
  2346 | D:5      | Killed Prince Ribbit
  2347 | D:5      | Reached skill level 8 in Unarmed Combat
  2366 | D:5      | Found a sparkling altar of Nemelex Xobeh.
  2508 | D:5      | Gained mutation: You passively map the area around you.
                  | [Meteoran growth]
  2508 | D:5      | Reached XP level 9. HP: 66/67 MP: 10/10
  2512 | D:5      | Learned a level 3 spell: Vampiric Draining
  2533 | D:5      | Noticed Ijyb
  2548 | D:5      | Killed Ijyb
  2549 | D:5      | Reached skill level 9 in Unarmed Combat
  2924 | D:5      | Glimpsed the power of Zot.
  2939 | Temple   | Entered the Ecumenical Temple
  2964 | Temple   | Became a worshipper of Hepliaklqana the Forgotten
  3032 | D:6      | Found a white marble altar of Elyvilon.
  3154 | D:6      | Reached skill level 1 in Invocations
  3222 | D:6      | Noticed Sigmund
  3230 | D:6      | Killed Sigmund
  3391 | D:6      | Found a radiant altar of Vehumet.
  3440 | D:6      | Found a glowing silver altar of Zin.
  3567 | D:6      | Reached XP level 10. HP: 78/78 MP: 13/13
  3583 | D:6      | Glimpsed the power of Zot.
  3641 | D:7      | Reached skill level 5 in Dodging
  3714 | D:7      | Reached * piety under Hepliaklqana
  4175 | D:8      | Found a bloodstained altar of Trog.
  4205 | D:8      | Found a sand-covered staircase.
  4218 | Ossuary  | Entered an ossuary
  4551 | D:8      | Reached ** piety under Hepliaklqana
  4710 | D:8      | Reached skill level 5 in Invocations
  4724 | D:8      | Reached XP level 11. HP: 76/76 MP: 15/15
  4731 | D:8      | Reached skill level 5 in Fighting
  4739 | D:8      | Remembered your ancestor Imgur-Sin as a hexer
  4827 | D:8      | Found a shimmering blue altar of Sif Muna.
  4827 | D:8      | Found a faded altar of an unknown god.
  4834 | D:8      | Found a shimmering altar of Xom.
  4840 | D:8      | Found an iron altar of Okawaru.
  4842 | D:8      | Found a faded altar of an unknown god.
  4937 | D:9      | Found a snail-covered altar of Cheibriados.
  4939 | D:9      | Noticed a boulder beetle
  4944 | D:9      | Reached skill level 10 in Shapeshifting
  4953 | D:9      | Killed a boulder beetle
  5366 | D:9      | Found a shadowy altar of Dithmenos.
  5442 | D:9      | Found an opulent altar of Gozag.
  5478 | D:10     | Entered Level 10 of the Dungeon
  5553 | D:10     | Noticed Urug
  5560 | D:10     | Noticed Maurice
  5561 | D:10     | Killed Urug
  5564 | D:10     | Noticed an orc knight
  5569 | D:10     | Killed Maurice
  5572 | D:10     | Killed an orc knight
  5573 | D:10     | Reached XP level 12. HP: 86/86 MP: 17/17
  5573 | D:10     | Reached *** piety under Hepliaklqana
  5632 | D:10     | Noticed Fannar
  5639 | D:10     | Killed Fannar
  5640 | D:10     | Reached skill level 10 in Dodging
  5656 | D:10     | Found a broken altar of Ashenzari.
  5657 | D:10     | Found an ornate altar of the Wu Jian Council.
  5671 | D:10     | Noticed Lodul
  5698 | D:10     | Killed Lodul
  5743 | D:10     | Found Fyceorum's Distillery.
  5750 | D:10     | Found a blossoming altar of Fedhas.
  5769 | D:10     | Bought a potion of enlightenment for 70 gold pieces
  5769 | D:10     | Bought a potion of invisibility for 112 gold pieces
  5782 | D:10     | Found a staircase to the Lair.
  5804 | D:10     | Identified the +0 spear "Agig" {drain, rElec Str+5}
  5929 | Lair:1   | Entered Level 1 of the Lair of Beasts
  5944 | Lair:1   | Reached skill level 1 in Armour
  5944 | Lair:1   | Reached skill level 1 in Evocations
  6007 | Lair:1   | Noticed Maggie
  6015 | Lair:1   | Killed Maggie
  6125 | Lair:1   | Reached skill level 10 in Unarmed Combat
  6319 | Lair:1   | Reached XP level 13. HP: 83/93 MP: 19/19
  6371 | Lair:1   | Found a runed translucent gate.
  6371 | Lair:1   | Found a runed translucent gate.
  6371 | Lair:1   | Found a runed translucent gate.
  6374 | Lair:1   | Noticed AdnanSaban's ghost (journeyman GrFi)
  6377 | Lair:1   | Found a viscous altar of Jiyva.
  6482 | Lair:2   | Noticed a four-headed hydra
  6483 | Lair:2   | Noticed a six-headed hydra
  6492 | Lair:2   | Killed a four-headed hydra
  6521 | Lair:3   | Reached skill level 11 in Unarmed Combat
  6524 | Lair:3   | Reached **** piety under Hepliaklqana
  6613 | Lair:2   | Killed a six-headed hydra
  6675 | Lair:2   | Found a staircase to the Swamp.
  6675 | Lair:2   | Noticed an eleionoma
  6679 | Lair:2   | Killed an eleionoma
  6882 | Lair:2   | Found a hole to the Spider Nest.
  7023 | Lair:3   | Noticed a death yak
  7023 | Lair:3   | Noticed a death yak
  7023 | Lair:3   | Noticed a death yak
  7024 | Lair:3   | Noticed a death yak
  7024 | Lair:3   | Noticed a death yak
  7026 | Lair:3   | Noticed a death yak
  7031 | Lair:2   | Killed a death yak
  7041 | Lair:2   | Killed a death yak
  7051 | Lair:2   | Killed a death yak
  7054 | Lair:2   | Killed a death yak
  7055 | Lair:2   | Reached skill level 5 in Evocations
  7133 | Lair:2   | Reached skill level 12 in Unarmed Combat
  7142 | Lair:3   | Killed a death yak
  7143 | Lair:3   | Reached XP level 14. HP: 86/103 MP: 20/20
  7207 | Lair:3   | Reached skill level 5 in Armour
  7464 | Lair:3   | Reached ***** piety under Hepliaklqana
  7510 | Lair:3   | Found a radiant altar of Vehumet.
  7643 | Lair:4   | Reached skill level 13 in Unarmed Combat
  7669 | Lair:4   | Found a radiant altar of Vehumet.
  7880 | Lair:4   | Found a staircase to the Slime Pits.
  8135 | Lair:5   | Entered Level 5 of the Lair of Beasts
  8156 | Lair:5   | Reached XP level 15. HP: 111/111 MP: 21/21
  8239 | Lair:5   | Reached skill level 14 in Unarmed Combat
  8662 | Lair:5   | Reached skill level 15 in Unarmed Combat
  8970 | Swamp:1  | Entered Level 1 of the Swamp
  8993 | Swamp:1  | Noticed Kirke
  9011 | Swamp:1  | Slain by a goliath frog

Illustrated notes

Levels and vault maps discovered:
D:1:      psy_arrival_basics, layout_loops_ring, grunt_decor_one_mirror,
          minmay_pentomino_u2
D:2:      layout_basic, reono_crystal_passage
D:3:      minmay_evil_eye, layout_loops_corners, kennysheep_generic_room_7
D:4:      layout_loops_ring, minmay_temple_entry_statues_pillars,
          minmay_joined_circles
D:5:      layout_loops_ring, mainiacjoe_overflow_catwalk, kennysheep_mini,
          uniq_prince_ribbit1, uniq_ijyb
D:6:      nicolae_cairo_tiling_very_big, layout_rooms,
          nicolae_vehumet_altar_sigil, nicolae_elyvilon_temple_path,
          zin_scriptorium, minivault_25, minmay_misc_feat_x, uniq_sigmund
D:7:      layout_cave_pools
D:8:      layout_cave_pools, chequers_temple_overflow_minitemple, bloody_trog,
          lightli_ossuary_entry_decrepit_ruins, corexii_corridor_pit
D:9:      layout_roguey, mainiacjoe_overflow_boulevard,
          mainiacjoe_overflow_paths, kennysheep_mini_moat
D:10:     layout_big_octagon, nicolae_overflow_hidden_temple,
          ebering_ghost_disaster_area, serial_shops, shop, minmay_bent,
          uniq_fannar, uniq_lodul, uniq_maurice, uniq_urug
Temple:   hellmonk_temple_beads
Lair:1:   layout_regular_city, gammafunk_ghost_ooze, serial_bayou_shore_a,
          uniq_maggie
Lair:2:   layout_cave_pods, alex1729_swamp_entry_worm_eleionoma,
          spider_nest_entry_funnel_web, chequers_serial_rivers_micro_b,
          chequers_serial_rivers_marsh, st_stairs_3, lemuel_fruit_fields
Lair:3:   layout_regular_city, basic_altar, infiniplex_staircase_pool_2
Lair:4:   layout_regular_city, dpeg_slime_entry_enclosed, basic_altar,
          st_stairs_8, grunt_megastairs_2
Lair:5:   minmay_lair_end_frog_pond, layout_cave_pods
Swamp:1:  cheibrodos_swamp_tower_of_moss, layout_basic_swamp,
          evilmike_swamp_ruin_wall, swamp_pool1, uniq_kirke

Skill      XL: |  1  2  3  4  5  6  7  8  9 10 11 12 13 14 15 |
---------------+----------------------------------------------+-----
Shapeshifting  | 4 5 6 7 8 9 11 13 14 | 14.6
Unarmed Combat | 4 5 6 7 8 9 10 12 13 15 | 15.2
Dodging        | 3 4 8 9 10 11 12 13 | 13.3
Fighting       | 2 3 4 6 8 9 |  9.8
Invocations    | 3 5 6 7 |  7.0
Armour         | 2 4 6 7 |  7.3
Evocations     | 2 5 6 8 |  8.0
Throwing       | |  0.6

Action                     |  1- 3 |  4- 6 |  7- 9 | 10-12 | 13-15 || total
---------------------------+-------+-------+-------+-------+-------++-------
  Melee: Unarmed           |    65 |    75 |   149 |   427 |   553 ||  1269
         Punch             |     4 |       |       |     7 |       ||    11
         Constrict         |       |     8 |    26 |    77 |   115 ||   226
  Throw: Dart              |     3 |     3 |       |       |       ||     6
 Invoke: Ancestor Life: He |       |       |       |     1 |       ||     1
Ability: Begin Untransform |       |     1 |       |       |       ||     1
  Evoke: Wand              |       |       |       |       |     1 ||     1
    Use: Potion            |       |       |     3 |     2 |     5 ||    10
         Scroll            |       |       |       |     9 |     3 ||    12
   Stab: Distracted        |       |       |       |     3 |     8 ||    11
         Confused          |       |       |       |     9 |    10 ||    19
         Paralysed         |       |       |       |       |    10 ||    10
 Armour: Animal skin       |    16 |     2 |       |       |       ||    18
         Skin              |       |    14 |    46 |   315 |   133 ||   508
         Scale mail        |       |       |     3 |     1 |       ||     4
  Dodge: Dodged            |    34 |    31 |    63 |   222 |   431 ||   781
   Form: Anaconda          |       |     2 |     3 |     1 |       ||     6
         Flux              |       |       |     3 |       |       ||     3
         Blade             |       |       |       |     1 |       ||     1

Table legend: (Time is in decaauts)
 A = Elapsed time spent in this place.
 B = Non-inter-level travel time spent in this place.
 C = Inter-level travel time spent in this place.
 D = Time resting spent in this place.
 E = Time spent auto-exploring this place.
 F = Levels seen in this place.
 G = Mean time per level.
                   A        B        C        D        E       F      G
               +--------+--------+--------+--------+--------+-----+--------+
         Total |   8773 |   8307 |    466 |    233 |   3322 |  18 |  487.4 |
       Dungeon |   5559 |   5281 |    278 |     83 |   3272 |  10 |  555.9 |
        Temple |     50 |      6 |     44 |      0 |      0 |   1 |   50.0 |
          Lair |   2883 |   2740 |    143 |    144 |     50 |   5 |  576.6 |
         Swamp |     37 |     37 |      0 |      0 |      0 |   1 |   37.0 |
       Ossuary |    242 |    242 |      0 |      6 |      0 |   1 |  242.0 |
               +--------+--------+--------+--------+--------+-----+--------+

Top non-repeatable levels by time:
     D:3: 757 daAuts
  Lair:5: 715 daAuts
  Lair:2: 631 daAuts
     D:5: 606 daAuts
     D:6: 572 daAuts
     D:2: 566 daAuts
     D:4: 560 daAuts
  Lair:4: 553 daAuts
     D:7: 550 daAuts
     D:9: 539 daAuts
     D:8: 521 daAuts
  Lair:3: 520 daAuts
  Lair:1: 462 daAuts
     D:1: 448 daAuts
    D:10: 436 daAuts
